 Dungeon Crawl Stone Soup version 0.20.1-1-g8b1a95d (webtiles) character file.

448 Iceburger the Cudgeler (level 6, 0/57 HPs)
             Began as a Minotaur Berserker on Oct 25, 2017.
             Was a Priest of Trog.
             Slain by an adder (4 damage)
             ... on level 4 of the Dungeon.
             The game lasted 00:15:01 (2486 turns).

Iceburger the Cudgeler (Minotaur Berserker)         Turns: 2486, Time: 00:15:02

Health: 0/57       AC:  5    Str: 23    XL:     6   Next: 73%
Magic:  5/5        EV: 11    Int:  4    God:    Trog [***...]
Gold:   121        SH:  0    Dex: 10    Spells: 5/5 levels left

rFire    + . .     SeeInvis .   a - +0 mace
rCold    . . .     Gourm    .   (no shield)
rNeg     . . .     Faith    .   j - +0 ring mail
rPois    .         Spirit   .   (helmet restricted)
rElec    .         Reflect  .   (no cloak)
rCorr    .         Harm     .   (no gloves)
MR       +++..                  (no boots)
Stlth    ..........             (no amulet)
Regen    1.2/turn               k - ring of protection from magic
MPRegen  0.1/turn               u - ring of protection from fire

@: lethally poisoned (0 -> 0), berserk cooldown, regenerating, slowed, very slow
A: retaliatory headbutt, horns 2
a: Berserk, Trog's Hand, Burn Spellbooks, Renounce Religion


You were on level 4 of the Dungeon.
You worshipped Trog.
Trog was most pleased with you.
You were hungry.

You visited 1 branch of the dungeon, and saw 4 of its levels.

You collected 121 gold pieces.

Inventory:

Hand Weapons
 a - a +0 mace (weapon)
Missiles
 e - 92 stones (quivered)
 p - 22 arrows
Armour
 j - a +0 ring mail (worn)
Jewellery
 k - a ring of protection from magic (left hand)
 u - a ring of protection from fire (right hand)
Scrolls
 f - 2 scrolls of blinking {unknown}
 g - 2 scrolls of teleportation {unknown}
 m - 4 scrolls of identify {unknown}
 o - a scroll of random uselessness {unknown}
 q - a scroll of enchant weapon {unknown}
 r - a scroll of noise {unknown}
Potions
 b - a potion of degeneration {unknown}
 h - 2 potions of curing {unknown}
 n - a potion of brilliance {unknown}
 s - a potion of agility {unknown}
Comestibles
 c - 4 bread rations
 i - 2 royal jellies
 l - 2 meat rations
 t - 7 fruits


   Skills:
 * Level 5.8 Fighting
 * Level 7.1 Maces & Flails
 * Level 4.2 Armour
 - Level 2.1 Dodging


You had 5 spell levels left.
You didn't know any spells.

Dungeon Overview and Level Annotations

Branches:
Dungeon (4/15)
 Temple: D:4-7

Altars:
Fedhas

Annotations:
D:4 Grinder, Pikel


Innate Abilities, Weirdness & Mutations

You reflexively headbutt those who attack you in melee.
You have a pair of horns on your head.


Message History

You are feeling hungry.
You feel sick. The adder bites you but does no damage. Grinder hits you.
* * * LOW HITPOINT WARNING * * *
The adder barely misses you. Grinder hits you but does no damage.
Pikel the Slaver comes into view.
He is wielding a whip of flaming.
You barely miss Grinder.
Grinder is moderately wounded.
Pikel shouts!
The adder bites you.
* * * LOW HITPOINT WARNING * * *
Grinder hits you.
* * * LOW HITPOINT WARNING * * *
You writhe in agony.
* * * LOW HITPOINT WARNING * * *
The adder misses you. You furiously retaliate!
You headbutt the adder. You hit Grinder but do no damage.
Grinder is moderately wounded.
You feel sick. Grinder barely misses you. You furiously retaliate!
You headbutt Grinder! The adder bites you.
You die...

#####.#.# .# #.#.# #. ##
#.# #.#.## #. ..
.####....#### #.#.## #
#......... ....#
####.....#### ....#
..........# #...#
####..###.# #5..# ##
#..# #.######@..###$#
..##..###....%).S.......
...................#####
#.#######.######.#K# #
#.# #.#.# .. ... .?#..
#. #..## ### ## #..#
#..#


You could see Pikel, Grinder and an adder.

Vanquished Creatures
  Edmund (D:4)
  2 scorpions
  A howler monkey (D:4)
  An orc priest (D:3)
  An orc wizard (D:4)
  3 adders
  5 oozes
  A worm (D:2)
  4 dart slugs
  3 leopard geckos
  11 orcs
  7 bats
  2 giant cockroaches
  7 goblins
  6 hobgoblins
  4 jackals (D:3)
  9 kobolds
  3 quokkas
  A ball python (D:3)
  5 frilled lizards
  3 rats
80 creatures vanquished.

Notes
Turn   | Place    | Note
-------+----------+-------------------------------------------
     0 | D:1      | Iceburger the Minotaur Berserker began the quest for the Orb.
     0 | D:1      | Reached XP level 1. HP: 19/19 MP: 0/0
    65 | D:1      | Reached skill level 4 in Maces & Flails
    82 | D:1      | Reached XP level 2. HP: 17/27 MP: 1/1
   506 | D:1      | Reached XP level 3. HP: 33/33 MP: 2/2
   928 | D:2      | Reached ** piety under Trog
   975 | D:2      | Reached XP level 4. HP: 32/41 MP: 3/3
   978 | D:2      | Reached skill level 5 in Maces & Flails
  1334 | D:2      | Found a faded altar of an unknown god.
  1517 | D:3      | Reached skill level 5 in Fighting
  1517 | D:3      | Reached XP level 5. HP: 43/48 MP: 4/4
  1621 | D:3      | Reached skill level 6 in Maces & Flails
  1926 | D:3      | Found a blossoming altar of Fedhas.
  1931 | D:3      | Reached *** piety under Trog
  2247 | D:4      | Reached XP level 6. HP: 32/56 MP: 5/5
  2459 | D:4      | Noticed Edmund
  2470 | D:4      | Killed Edmund
  2470 | D:4      | Reached skill level 7 in Maces & Flails
  2473 | D:4      | Noticed Grinder
  2485 | D:4      | Noticed Pikel
  2486 | D:4      | Slain by an adder

Skill      XL: |  1  2  3  4  5  6 |
---------------+-------------------+-----
Maces & Flails | 4 5 6 7 |  7.1
Fighting       | 4 5 |  5.8
Armour         | 3 4 |  4.2
Dodging        | |  2.1

Action                   |  1- 3 |  4- 6 || total
-------------------------+-------+-------++-------
Melee: Mace              |    63 |   117 ||   180
       Headbutt          |     9 |    16 ||    25
Throw: Stone             |    64 |    32 ||    96
Invok: Berserk           |       |     3 ||     3
       Trog's Hand       |       |     2 ||     2
  Eat: Chunk             |       |     8 ||     8
Armor: Animal skin       |     6 |       ||     6
       Leather armour    |     1 |       ||     1
       Ring mail         |     7 |    40 ||    47
Dodge: Dodged            |    46 |    72 ||   118
